| TOP OF THE 1ST |
|
Ohio State University Buckeyes batting - Pitching for Pennsylvania State University Nittany Lions : RHP Ian Hancock
|
|
Pitching: RHP Ian Hancock
|
|
|
Batting: LHB Adam Simpson
|
0-0: Called Strike 0-1: Ball 1-1: Ground out 4-3 (Groundball, 34D, EV 86.2 MPH)
|
|
Batting: LHB Zach Brandt
|
0-0: Called Strike 0-1: Swinging Strike 0-2: Ball 1-2: Strikes out swinging
|
|
Batting: LHB Tony Abascal
|
0-0: Ball 1-0: Ground out 4-3 (Groundball, 4, EV 81.9 MPH)
|
| Top of the 1st over - 0 runs, 0 hits, 0 errors, 0 left on base; Ohio State University 0 - Pennsylvania State University 0 |
| BOTTOM OF THE 1ST |
|
Pennsylvania State University Nittany Lions batting - Pitching for Ohio State University Buckeyes : RHP Ryan Potter
|
|
Pitching: RHP Ryan Potter
|
|
|
Batting: RHB James Steinmetz
|
0-0: Ground out 6-3 (Groundball, 6, EV 101.9 MPH)
|
|
Batting: RHB Pete Martin
|
0-0: Called Strike 0-1: Ball 1-1: Called Strike 1-2: Strikes out swinging
|
|
Batting: RHB Josh Ebeling
|
0-0: Ball 1-0: Swinging Strike 1-1: Foul Ball, location: 2F 1-2: Ball 2-2: Foul Ball, location: 2F 2-2: DOUBLE (Flyball, 89XD, EV 110.6 MPH)
|
|
Batting: RHB Rob Hinojosa
|
0-0: Called Strike 0-1: Ball 1-1: Ball 2-1: Foul Ball, location: 2F 2-2: Ball 3-2: Foul Ball, location: 2F 3-2: Base on Balls
|
|
Batting: RHB Joe Strachan
|
0-0: Ball 1-0: Fly out, F8 (Flyball, 78M, EV 87.5 MPH)
|
| Bottom of the 1st over - 0 runs, 1 hit, 0 errors, 2 left on base; Ohio State University 0 - Pennsylvania State University 0 |
| TOP OF THE 2ND |
|
Ohio State University Buckeyes batting - Pitching for Pennsylvania State University Nittany Lions : RHP Ian Hancock
|
|
Batting: RHB Tristan Gimple
|
0-0: Ball 1-0: Foul Ball, location: 2F 1-1: Ball 2-1: Foul Ball, location: 2F 2-2: Strikes out swinging
|
|
Batting: LHB Anthony Ross
|
0-0: Ball 1-0: Ball 2-0: Ball 3-0: Base on Balls
|
|
Batting: RHB Jacob Carrano
|
0-0: Called Strike 0-1: Ball 1-1: Ball 2-1: Fly out, F7 (Flyball, 7, EV 94.4 MPH)
|
|
Batting: RHB Masatoshi Mori
|
0-0: Called Strike 0-1: Ball 1-1: Ball 2-1: Foul Ball, location: 2F 2-2: Foul Ball, location: 2F 2-2: Fly out, F8 (Flyball, 8RD, EV 99.4 MPH)
|
| Top of the 2nd over - 0 runs, 0 hits, 0 errors, 1 left on base; Ohio State University 0 - Pennsylvania State University 0 |
| BOTTOM OF THE 2ND |
|
Pennsylvania State University Nittany Lions batting - Pitching for Ohio State University Buckeyes : RHP Ryan Potter
|
|
Batting: RHB Victor Victorino
|
0-0: Ball 1-0: Foul Ball, location: 2F 1-1: Called Strike 1-2: Ball 2-2: Ball 3-2: Fly out, F9 (Flyball, 9, EV 91.9 MPH)
|
|
Batting: RHB Francisco Velazquez
|
0-0: Ground out 5-3 (Groundball, 5S, EV 86.2 MPH)
|
|
Batting: LHB Dan Lape
|
0-0: Called Strike 0-1: Called Strike 0-2: Ball 1-2: Foul Ball, location: 2F 1-2: Ball 2-2: Foul Ball, location: 2F 2-2: Ground out 6-3 (Groundball, 6, EV 106.2 MPH)
|
| Bottom of the 2nd over - 0 runs, 0 hits, 0 errors, 0 left on base; Ohio State University 0 - Pennsylvania State University 0 |
| TOP OF THE 3RD |
|
Ohio State University Buckeyes batting - Pitching for Pennsylvania State University Nittany Lions : RHP Ian Hancock
|
|
Batting: LHB Ben Callaway
|
0-0: Foul Ball, location: 2F 0-1: SINGLE (Flyball, 7S, EV 87.5 MPH)
|
|
Batting: RHB David Guillen
|
0-0: Foul Ball, location: 2F 0-1: Swinging Strike 0-2: SINGLE (Groundball, 6M, EV 108.8 MPH) Ben Callaway to second Runner from 2nd tries for 3rd, SAFE, no throw by CF
|
|
Batting: LHB Adam Simpson
|
0-0: Ball 1-0: Called Strike 1-1: Foul Ball, location: 2F 1-2: Ball 2-2: Ball 3-2: SINGLE (Groundball, 34S, EV 72.5 MPH) (infield hit) David Guillen to second
|
|
Batting: LHB Zach Brandt
|
0-0: Grounds into double play, 4-6-3 (Groundball, 4, EV 98.1 MPH) Ben Callaway scores David Guillen to third
|
|
Batting: LHB Tony Abascal
|
0-0: Ball 1-0: Called Strike 1-1: Fly out, F7 (Flyball, 78M, EV 80.0 MPH)
|
| Top of the 3rd over - 1 run, 3 hits, 0 errors, 1 left on base; Ohio State University 1 - Pennsylvania State University 0 |
| BOTTOM OF THE 3RD |
|
Pennsylvania State University Nittany Lions batting - Pitching for Ohio State University Buckeyes : RHP Ryan Potter
|
|
Now at SS: Mike Tarantino
|
|
|
Batting: RHB Perry Brantley
|
0-0: Ground out 6-3 (Groundball, 6M, EV 101.2 MPH)
|
|
Batting: RHB James Steinmetz
|
0-0: Ball 1-0: Called Strike 1-1: Ball 2-1: Foul Ball, location: 2F 2-2: Foul Ball, location: 2F 2-2: Strikes out swinging
|
|
Batting: RHB Pete Martin
|
0-0: Called Strike 0-1: Called Strike 0-2: Ball 1-2: Ball 2-2: Foul Ball, location: 2F 2-2: Foul Ball, location: 2F 2-2: Ground out 6-3 (Groundball, 6, EV 101.9 MPH)
|
| Bottom of the 3rd over - 0 runs, 0 hits, 0 errors, 0 left on base; Ohio State University 1 - Pennsylvania State University 0 |
| TOP OF THE 4TH |
|
Ohio State University Buckeyes batting - Pitching for Pennsylvania State University Nittany Lions : RHP Ian Hancock
|
|
Batting: RHB Tristan Gimple
|
0-0: Ball 1-0: Ball 2-0: Called Strike 2-1: Foul Ball, location: 2F 2-2: Strikes out looking
|
|
Batting: LHB Anthony Ross
|
0-0: Ball 1-0: Called Strike 1-1: Foul Ball, location: 2F 1-2: Foul Ball, location: 2F 1-2: Hit by Pitch
|
|
Batting: RHB Mike Tarantino
|
0-0: Ball 1-0: Grounds into double play, 6-4-3 (Groundball, 6, EV 85.6 MPH)
|
| Top of the 4th over - 0 runs, 0 hits, 0 errors, 0 left on base; Ohio State University 1 - Pennsylvania State University 0 |
| BOTTOM OF THE 4TH |
|
Pennsylvania State University Nittany Lions batting - Pitching for Ohio State University Buckeyes : RHP Ryan Potter
|
|
Batting: RHB Josh Ebeling
|
0-0: Ball 1-0: Foul Ball, location: 2F 1-1: Foul Ball, location: 2F 1-2: Foul Ball, location: 2F 1-2: Foul Ball, location: 2F 1-2: Ball 2-2: Foul Ball, location: 2F 2-2: SINGLE (Groundball, 56S, EV 96.2 MPH)
|
|
Batting: RHB Rob Hinojosa
|
0-0: Ball 1-0: Foul Ball, location: 2F 1-1: Ball 2-1: Called Strike 2-2: Foul Ball, location: 2F 2-2: Ball 3-2: Foul Ball, location: 2F 3-2: 2-RUN HOME RUN (Flyball, 78XD, EV 110.6 MPH), Distance : 429 ft
|
|
Batting: RHB Joe Strachan
|
0-0: Ball 1-0: Ball 2-0: Foul Ball, location: 2F 2-1: Foul Ball, location: 2F 2-2: Ball 3-2: Foul Ball, location: 2F 3-2: Foul Ball, location: 2F 3-2: Base on Balls
|
|
Batting: RHB Victor Victorino
|
0-0: Ball 1-0: SINGLE (Groundball, 56D, EV 100.6 MPH) Joe Strachan to second
|
|
Batting: RHB Francisco Velazquez
|
0-0: Called Strike 0-1: Foul Ball, location: 2F 0-2: Strikes out swinging
|
|
Batting: LHB Dan Lape
|
0-0: Ball 1-0: Foul Ball, location: 2F 1-1: Ball 2-1: Fly out, F8 (Flyball, 8RD, EV 88.1 MPH)
|
|
Pitching: RHP Rodolfo Lrio
|
|
|
Batting: RHB Perry Brantley
|
0-0: Called Strike 0-1: Foul Ball, location: 2F 0-2: Foul Ball, location: 2F 0-2: Foul Ball, location: 2F 0-2: Fly out, F9 (Flyball, 9D, EV 91.9 MPH)
|
| Bottom of the 4th over - 2 runs, 3 hits, 0 errors, 2 left on base; Ohio State University 1 - Pennsylvania State University 2 |
| TOP OF THE 5TH |
|
Ohio State University Buckeyes batting - Pitching for Pennsylvania State University Nittany Lions : RHP Ian Hancock
|
|
Batting: RHB Masatoshi Mori
|
0-0: Ball 1-0: Foul Ball, location: 2F 1-1: Ball 2-1: DOUBLE (Flyball, 8RXD, EV 97.5 MPH)
|
|
Pinch Runner at 2nd Marcelo Bardelli:
|
|
|
Batting: LHB Ben Callaway
|
0-0: Called Strike 0-1: Swinging Strike 0-2: Foul Ball, location: 2F 0-2: Strikes out swinging
|
|
Batting: RHB David Guillen
|
0-0: Called Strike 0-1: Swinging Strike 0-2: Ball 1-2: Strikes out swinging
|
|
Batting: LHB Adam Simpson
|
0-0: Foul Ball, location: 2F 0-1: Ball 1-1: Called Strike 1-2: Ball 2-2: Ball 3-2: Ground out 6-3 (Groundball, 6, EV 83.1 MPH)
|
| Top of the 5th over - 0 runs, 1 hit, 0 errors, 1 left on base; Ohio State University 1 - Pennsylvania State University 2 |
| BOTTOM OF THE 5TH |
|
Pennsylvania State University Nittany Lions batting - Pitching for Ohio State University Buckeyes : RHP Rodolfo Lrio
|
|
Batting: RHB James Steinmetz
|
0-0: Ball 1-0: Called Strike 1-1: SINGLE (Line Drive, 9LS, EV 103.8 MPH)
|
|
Batting: RHB Pete Martin
|
0-0: Ball 1-0: Foul Ball, location: 2F 1-1: Fly out, F9 (Flyball, 89M, EV 95.0 MPH)
|
|
Batting: RHB Josh Ebeling
|
0-0: Called Strike 0-1: Fly out, F9 (Flyball, 89M, EV 86.9 MPH)
|
|
Batting: RHB Rob Hinojosa
|
0-0: Ball James Steinmetz is caught stealing 2nd base 2-4
|
| Bottom of the 5th over - 0 runs, 1 hit, 0 errors, 0 left on base; Ohio State University 1 - Pennsylvania State University 2 |
| TOP OF THE 6TH |
|
Ohio State University Buckeyes batting - Pitching for Pennsylvania State University Nittany Lions : RHP Ian Hancock
|
|
Batting: LHB Zach Brandt
|
0-0: Ball 1-0: Ball 2-0: Called Strike 2-1: DOUBLE (Line Drive, 9LD, EV 100.6 MPH)
|
|
Batting: LHB Tony Abascal
|
0-0: Ball 1-0: Ball 2-0: Called Strike 2-1: Called Strike 2-2: Ground out 4-3 (Groundball, 4, EV 87.5 MPH) Zach Brandt to third
|
|
Pitching: RHP Jason Marko
|
|
|
Batting: RHB Tristan Gimple
|
0-0: Called Strike 0-1: Fly out, F3 (Popup, 3SF, EV 83.1 MPH)
|
|
Batting: LHB Anthony Ross
|
0-0: Swinging Strike 0-1: Ball 1-1: Ground out U3 (Groundball, 3, EV 86.9 MPH)
|
| Top of the 6th over - 0 runs, 1 hit, 0 errors, 1 left on base; Ohio State University 1 - Pennsylvania State University 2 |
| BOTTOM OF THE 6TH |
|
Pennsylvania State University Nittany Lions batting - Pitching for Ohio State University Buckeyes : RHP Rodolfo Lrio
|
|
Batting: RHB Rob Hinojosa
|
0-0: Called Strike 0-1: Foul Ball, location: 2F 0-2: Ball 1-2: Ball 2-2: Ball 3-2: Foul Ball, location: 2F 3-2: Fly out, F8 (Line Drive, 8LM, EV 93.1 MPH)
|
|
Batting: RHB Joe Strachan
|
0-0: Fly out, F8 (Line Drive, 89M, EV 90.6 MPH)
|
|
Batting: RHB Victor Victorino
|
0-0: Called Strike 0-1: Foul Ball, location: 2F 0-2: Ball 1-2: Foul Ball, location: 2F 1-2: Ground out U3 (Groundball, 34, EV 106.9 MPH)
|
| Bottom of the 6th over - 0 runs, 0 hits, 0 errors, 0 left on base; Ohio State University 1 - Pennsylvania State University 2 |
| TOP OF THE 7TH |
|
Ohio State University Buckeyes batting - Pitching for Pennsylvania State University Nittany Lions : RHP Jason Marko
|
|
Batting: RHB Mike Tarantino
|
0-0: Called Strike 0-1: Swinging Strike 0-2: Strikes out swinging
|
|
Batting: RHB Marcelo Bardelli
|
0-0: Ball 1-0: Ball 2-0: Called Strike 2-1: Foul Ball, location: 2F 2-2: Foul Ball, location: 2F 2-2: Foul Ball, location: 2F 2-2: Ball 3-2: Foul Ball, location: 2F 3-2: Base on Balls
|
|
Batting: LHB Ben Callaway
|
0-0: Called Strike 0-1: Grounds into double play, 6-4-3 (Groundball, 6, EV 101.9 MPH)
|
| Top of the 7th over - 0 runs, 0 hits, 0 errors, 0 left on base; Ohio State University 1 - Pennsylvania State University 2 |
| BOTTOM OF THE 7TH |
|
Pennsylvania State University Nittany Lions batting - Pitching for Ohio State University Buckeyes : RHP Rodolfo Lrio
|
|
Pitching: RHP Kyle Collins
|
|
|
Batting: RHB Francisco Velazquez
|
0-0: Called Strike 0-1: Foul Ball, location: 2F 0-2: Foul Ball, location: 2F 0-2: Fly out, F8 (Line Drive, 8LD, EV 97.5 MPH)
|
|
Batting: LHB Dan Lape
|
0-0: Foul Ball, location: 2F 0-1: Swinging Strike 0-2: Ball 1-2: Strikes out swinging, 2-3 out at first.
|
|
Batting: RHB Perry Brantley
|
0-0: Ball 1-0: Ball 2-0: Ball 3-0: Called Strike 3-1: Called Strike 3-2: Fly out, F9 (Flyball, 9D, EV 89.4 MPH)
|
| Bottom of the 7th over - 0 runs, 0 hits, 0 errors, 0 left on base; Ohio State University 1 - Pennsylvania State University 2 |
| TOP OF THE 8TH |
|
Ohio State University Buckeyes batting - Pitching for Pennsylvania State University Nittany Lions : RHP Jason Marko
|
|
Batting: RHB David Guillen
|
0-0: Foul Ball, location: 2F 0-1: Swinging Strike 0-2: Ball 1-2: Ball 2-2: Ground out U3 (Groundball, 3, EV 104.4 MPH)
|
|
Batting: LHB Adam Simpson
|
0-0: Ball 1-0: Foul Ball, location: 2F 1-1: Ball 2-1: Foul Ball, location: 2F 2-2: Ground out 6-3 (Groundball, 6, EV 86.9 MPH)
|
|
Pitching: LHP J.P. Wolfgang
|
|
|
Batting: LHB Zach Brandt
|
0-0: Called Strike 0-1: Ball 1-1: Foul Ball, location: 2F 1-2: Ball 2-2: Ball 3-2: Ground out 6-3 (Groundball, 56, EV 94.4 MPH)
|
| Top of the 8th over - 0 runs, 0 hits, 0 errors, 0 left on base; Ohio State University 1 - Pennsylvania State University 2 |
| BOTTOM OF THE 8TH |
|
Pennsylvania State University Nittany Lions batting - Pitching for Ohio State University Buckeyes : RHP Kyle Collins
|
|
Batting: RHB James Steinmetz
|
0-0: Called Strike 0-1: Swinging Strike 0-2: Ball 1-2: Ball 2-2: Fly out, F8 (Flyball, 8LD, EV 98.1 MPH)
|
|
Batting: RHB Pete Martin
|
0-0: Ball 1-0: Swinging Strike 1-1: Ball 2-1: Ball 3-1: Base on Balls
|
|
Batting: RHB Josh Ebeling
|
0-0: Ball 1-0: Called Strike 1-1: Ball 2-1: Fly out, F9 (Flyball, 89M, EV 93.8 MPH)
|
|
Batting: RHB Rob Hinojosa
|
0-0: Called Strike 0-1: Ball 1-1: Called Strike 1-2: Foul Ball, location: 2F 1-2: Ball 2-2: Foul Ball, location: 2F 2-2: Foul Ball, location: 2F 2-2: Fly out, F8 (Flyball, 8LM, EV 95.0 MPH)
|
| Bottom of the 8th over - 0 runs, 0 hits, 0 errors, 1 left on base; Ohio State University 1 - Pennsylvania State University 2 |
| TOP OF THE 9TH |
|
Ohio State University Buckeyes batting - Pitching for Pennsylvania State University Nittany Lions : LHP J.P. Wolfgang
|
|
Pitching: RHP Preki Nedic
|
|
|
Now at 1B: Kevin Claus
|
|
|
Now at 2B: Jesse Bandt
|
|
|
Batting: LHB Tony Abascal
|
0-0: Called Strike 0-1: Ground out 4-3 (Groundball, 34S, EV 93.1 MPH)
|
|
Batting: RHB Tristan Gimple
|
0-0: Ball 1-0: Ball 2-0: Called Strike 2-1: Ball 3-1: Fly out, F9 (Flyball, 9D, EV 98.8 MPH)
|
|
Batting: LHB Anthony Ross
|
0-0: Ball 1-0: Foul Ball, location: 2F 1-1: Swinging Strike 1-2: Strikes out swinging
|
| Top of the 9th over - 0 runs, 0 hits, 0 errors, 0 left on base; Ohio State University 1 - Pennsylvania State University 2 |
|